 Dungeon Crawl Stone Soup version 0.30-a0-867-g305f33218d (webtiles) character file.

Game seed: 3209288219430153009

106 retardedninja the Shield-Bearer (level 5, -3/41 HPs)
             Began as a Human Fighter on Mar 10, 2023.
             Killed from afar by Natasha (9 damage)
             ... with a magic dart
             ... on level 2 of the Dungeon.
             The game lasted 00:02:06 (2181 turns).

retardedninja the Shield-Bearer (Human Fighter)     Turns: 2181, Time: 00:02:07

Health: -3/41      AC:  6    Str: 19    XL:     5   Next: 10%
Magic:  5/5        EV:  9    Int:  8    God:
Gold:   59         SH:  4    Dex: 12    Spells: 4/4 levels left

rFire   . . .      SeeInvis .    a - +0 war axe
rCold   . . .      Faith    .    c - +0 buckler
rNeg    . . .      Spirit   .    b - +0 scale mail
rPois   .          Reflect  .    (no helmet)
rElec   .          Rampage  .    (no cloak)
rCorr   .                        (no gloves)
Will    .....                    (no boots) Stlth
                                 (no amulet)
HPRegen 0.26/turn                (no ring)
MPRegen 0.09/turn                (no ring)

@: slowed, very slow
A: no striking features
a: no special abilities


You were on level 2 of the Dungeon.
You visited 1 branch of the dungeon, and saw 2 of its levels.

You collected 59 gold pieces.

Inventory:

Hand Weapons
 a - a +0 war axe (weapon)
Missiles
 f - 2 javelins (quivered)
Armour
 b - a +0 scale mail (worn)
 c - a +0 buckler (worn)
Jewellery
 l - a ring of positive energy
 r - a ring of see invisible
Scrolls
 e - a scroll of immolation {unknown}
 g - a scroll of enchant armour {unknown}
 h - 4 scrolls of identify {unknown}
 k - a scroll of teleportation {unknown}
 n - a scroll of fog {unknown}
 q - a scroll of enchant weapon {unknown}
Potions
 d - a potion of might
 i - a potion of mutation {unknown}
 j - 2 potions of magic {unknown}
 m - a potion of ambrosia {unknown}
 o - a potion of brilliance {unknown}
 p - a potion of heal wounds {unknown}


   Skills:
 + Level 3.5 Fighting
 * Level 3.4 Axes
 + Level 3.5 Armour
 + Level 3.5 Shields


You had 4 spell levels left.
You didn't know any spells.
Your spell library contained the following spells:

 Spells                   Type           Power      Damage    Failure   Level
 Blink                    Tloc           0%         N/A       94%         2
 Manifold Assault         Tloc           0%         N/A       100%        4
 Storm Form               Tmut/Air       0%         N/A       100%        7


Dungeon Overview and Level Annotations

Branches:
Dungeon (2/15)

Altars:
Kikubaaqudgha

Annotations:
D:2 Natasha


Message History

The frilled lizard bites you but does no damage.
Natasha zaps a wand.
The puff of flame hits you!
You are too injured to fight recklessly!
Unknown command.
You are too injured to fight recklessly!
Unknown command.
You are too injured to fight recklessly!
Unknown command.
You are too injured to fight recklessly!
You are too injured to fight recklessly!
You completely miss Natasha.
Natasha is almost dead.
You completely miss the frilled lizard. The frilled lizard closely misses you.
Natasha zaps a wand.
The puff of flame hits you! The frilled lizard bites you.
Natasha zaps a wand.
You block the puff of flame.
You barely miss Natasha.
Natasha is almost dead.
You hit the frilled lizard.
You kill the frilled lizard!
Natasha casts a spell at you. The magic dart hits you.
* * * LOW HITPOINT WARNING * * *
Natasha zaps a wand.
The puff of flame hits you.
* * * LOW HITPOINT WARNING * * *
You barely miss Natasha.
Natasha is almost dead.
You block Natasha's attack.
Natasha mumbles some strange words.
Natasha casts a spell at you. You resist with some effort.
Unknown command.
You closely miss Natasha.
Natasha is almost dead.
You closely miss the crimson imp.
Natasha howls an incantation.
Natasha shimmers violently.
Natasha claws you but does no damage. The crimson imp hits you.
* * * LOW HITPOINT WARNING * * *
Natasha stares at you and mumbles some strange words.
The magic dart hits you!
You die...

###..##...##
###........##
#...##.###.#
..####(.#..# ##. ## .##
##...###..... ..
.######.......# ##.#
.........#########...#
###...#รท........5..#
........#######.@h#
.#..###.#######.#.....#
...# ##.#.......#######
.#####....#######
###.....### .^..###...#
...## ###.## ...## #..#
....######.###


You could see Natasha and a crimson imp (summoned).

Vanquished Creatures
  Jessica (D:2)
  4 adders (D:2)
  4 ball pythons
  2 bats
  3 endoplasms
  4 giant cockroaches
  2 hobgoblins
  4 kobolds (D:1)
  6 quokkas
  4 frilled lizards
  6 goblins
  3 rats
43 creatures vanquished.

Notes
Turn   | Place    | Note
-------+----------+-------------------------------------------
     0 | D:1      | retardedninja the Human Fighter began the quest for the
                  | Orb.
     0 | D:1      | Reached XP level 1. HP: 18/18 MP: 1/1
   238 | D:1      | Reached XP level 2. HP: 24/24 MP: 2/2
   786 | D:1      | Reached XP level 3. HP: 29/29 MP: 3/3
   796 | D:1      | Found a faded altar of an unknown god.
  1217 | D:2      | Noticed Jessica
  1220 | D:2      | Killed Jessica
  1224 | D:2      | Reached XP level 4. HP: 34/35 MP: 4/4
  1910 | D:2      | Reached XP level 5. HP: 31/41 MP: 5/5
  1958 | D:2      | Found an ancient bone altar of Kikubaaqudgha.
  1967 | D:2      | Identified the +1 leather armour of Powerful Intercession
                  | {rN+++ Str-5 Int-4 Dex+5}
  2172 | D:2      | Noticed Natasha
  2181 | D:2      | Killed from afar by Natasha

Illustrated notes

Levels and vault maps discovered:
D:1:      dpeg_arrival_boxes_within_box, layout_basic,
          hellmonk_ecumenical_altar_inner_sanctum, kennysheep_crisscross
D:2:      layout_rooms, basic_altar, uniq_natasha, uniq_jessica

Skill      XL: |  1  2  3  4 |
---------------+-------------+-----
Axes           | 3 |  3.4
Fighting       | |  3.5
Armour         | |  3.5
Shields        | |  3.5

Action                     |  1- 3 |  4- 6 || total
---------------------------+-------+-------++-------
  Melee: War axe           |    52 |    75 ||   127
    Use: Potion            |       |     1 ||     1
 Armour: Scale mail        |    18 |    62 ||    80
         Skin              |       |    31 ||    31
  Dodge: Dodged            |    24 |    50 ||    74
  Block: Buckler           |    12 |    22 ||    34

Table legend: (Time is in decaauts)
 A = Elapsed time spent in this place.
 B = Non-inter-level travel time spent in this place.
 C = Inter-level travel time spent in this place.
 D = Time resting spent in this place.
 E = Time spent auto-exploring this place.
 F = Levels seen in this place.
 G = Mean time per level.
                   A        B        C        D        E       F      G
               +--------+--------+--------+--------+--------+-----+--------+
         Total |   2235 |   2210 |     25 |    560 |   1286 |   2 | 1117.5 |
       Dungeon |   2235 |   2210 |     25 |    560 |   1286 |   2 | 1117.5 |
               +--------+--------+--------+--------+--------+-----+--------+

Top non-repeatable levels by time:
     D:1: 1238 daAuts
     D:2: 997 daAuts
